 Dungeon Crawl Stone Soup version 0.30-a0-738-g116ff8c4af (webtiles) character file.

Game seed: 13035899020970450757

116 IdlyInterested the Cudgeller (level 4, -2/35 HPs)
             Began as a Demonspawn Gladiator on Feb 3, 2023.
             Killed by nerve-wracking pain
             ... invoked by an orc priest
              (4 damage)
             ... on level 4 of the Dungeon.
             The game lasted 00:04:50 (1474 turns).

IdlyInterested the Cudgeller (Demonspawn Gladiator) Turns: 1474, Time: 00:04:51

Health: -2/35      AC:  7    Str: 16    XL:     4   Next: 69%
Magic:  4/4        EV: 10    Int: 10    God:
Gold:   141        SH:  0    Dex: 14    Spells: 3/3 levels left

rFire   . . .      SeeInvis +    o - +3 quarterstaff (drain)
rCold   . . .      Faith    .    (shield currently unavailable)
rNeg    . . .      Spirit   .    f - +0 scale mail
rPois   .          Reflect  .    c - +0 helmet
rElec   .          Harm     .    (no cloak)
rCorr   .          Rampage  .    (no gloves)
Will    .....                    (no boots) Stlth
                                 (no amulet)
HPRegen 0.25/turn                n - ring of see invisible
MPRegen 0.09/turn                (no ring)

@: no status effects
A: spiny 1
a: no special abilities


You were on level 4 of the Dungeon.
You visited 1 branch of the dungeon, and saw 3 of its levels.

You collected 141 gold pieces.

Inventory:

Hand Weapons
 a - a +1 flail
 o - a +3 quarterstaff of draining (weapon)
Missiles
 d - 3 throwing nets
 e - a javelin
 g - 22 stones (quivered)
 j - 3 poisoned darts
Armour
 b - a +0 leather armour
 c - a +0 helmet (worn)
 f - a +0 scale mail (worn)
 k - a +0 tower shield
Jewellery
 n - a ring of see invisible (left hand)
Scrolls
 r - a scroll of fog {unknown}
Potions
 h - a potion of mutation
 i - a potion of flight {unknown}
 l - 2 potions of lignification {unknown}
 m - a potion of curing {unknown}
 p - a potion of heal wounds {unknown}
 q - 2 potions of magic


   Skills:
 + Level 3.2 Fighting
 * Level 4.4 Maces & Flails
 - Level 1.7 Throwing
 - Level 2.6 Dodging


You had 3 spell levels left.
You didn't know any spells.
Your spell library contained the following spells:

 Spells                   Type           Power      Damage    Failure   Level
 Ozocubu's Armour         Ice            0%         N/A       99%         3
 Metabolic Englaciation   Hex/Ice        0%         N/A       100%        5
 Simulacrum               Ice/Necr       0%         N/A       100%        6


Dungeon Overview and Level Annotations

Branches:
Dungeon (4/15)             Temple (0/1) D:4

Altars:


Innate Abilities, Weirdness & Mutations

You are partially covered in sharp spines.


Message History

The orc shouts!
The goblin shoots a sling bullet.
The sling bullet hits you.
An orc priest comes into view. It is wielding a +0 falchion.
The orc priest calls down the wrath of Beogh upon you.
Beogh smites you!
Ouch! That really hurt!
You thump the orc priest! You drain the orc priest.
The orc priest is severely wounded.
The orc priest is struck by your spines.
The orc priest hits you but does no damage.
You hit the orc priest.
You kill the orc priest!
The orc priest is struck by your spines.
The orc priest hits you but does no damage.
The goblin unwields a +0 sling.
The goblin wields a +0 dagger.
The goblin is struck by your spines. The goblin barely misses you.
Your Fighting skill increases to level 3!
Your Maces & Flails skill increases to level 4!
You have reached level 4!
You feel clever.
You hit the orc priest. You drain the orc priest.
You kill the orc priest!
The goblin barely misses you.
You barely miss the goblin.
The goblin is moderately wounded.
The orc throws a boomerang.
The boomerang hits you but does no damage.
The goblin is struck by your spines.
You kill the goblin!
Found 10 gold pieces.
The orc priest calls down the wrath of Beogh upon you.
Beogh smites you!
* * * LOW HITPOINT WARNING * * *
Things that are here:
a +0 mace; an orc corpse You hit the orc.
You drain the orc.
You kill the orc!
The orc priest mumbles some strange prayers to Beogh against you.
Pain shoots through your body!
You die...

###.........#
#......# .... .
##...>.##....
..##............
....#...........
................
...........###..
...........## .
.......)@)..#
..$..#/.o.......
.....#.......?..
.....⌠..........
................
...⌠.>.⌠........
...............
....⌠......$.#.


You could see an orc priest.

Vanquished Creatures
  2 orc priests (D:4)
  A gnoll (D:1)
  A worm (D:2)
  A dart slug (D:1)
  An orc (D:4)
  2 ball pythons (D:1)
  2 bats
  3 endoplasms (D:1)
  2 giant cockroaches (D:2)
  4 hobgoblins
  6 jackals (D:1)
  2 quokkas
  5 goblins
  3 kobolds
  6 rats
41 creatures vanquished.

Notes
Turn   | Place    | Note
-------+----------+-------------------------------------------
     0 | D:1      | IdlyInterested the Demonspawn Gladiator began the quest for
                  | the Orb.
     0 | D:1      | Reached XP level 1. HP: 16/16 MP: 1/1
   120 | D:1      | Reached skill level 3 in Maces & Flails
   122 | D:1      | Gained mutation: You are partially covered in sharp spines.
                  | [demonic ancestry]
   122 | D:1      | Reached XP level 2. HP: 8/22 MP: 2/2
   273 | D:1      | HP: 1/23 [frozen (4)]
   276 | D:1      | Reached XP level 3. HP: 2/28 MP: 3/3
   683 | D:1      | Found a faded altar of an unknown god.
  1459 | D:2      | You fall into a shaft and drop 2 floors!
  1467 | D:4      | Found a staircase to the Ecumenical Temple.
  1471 | D:4      | Reached skill level 4 in Maces & Flails
  1471 | D:4      | Reached XP level 4. HP: 15/35 MP: 4/4
  1474 | D:4      | Killed from afar by an orc priest

Illustrated notes

Levels and vault maps discovered:
D:1:      ebering_trefoil_3fold, layout_basic,
          hellmonk_ecumenical_altar_heavens_door, hangedman_decor_slide_cut,
          minmay_surrounded
D:2:      layout_basic, corexii_shack
D:4:      cheibrodos_quashed, layout_cave_pools, temple_fountains

Skill      XL: |  1  2  3 |
---------------+----------+-----
Maces & Flails | 3 4 |  4.4
Fighting       | 3 |  3.2
Throwing       | |  1.7
Dodging        | |  2.6

Action                     |  1- 3 |  4- 6 || total
---------------------------+-------+-------++-------
  Melee: Flail             |    52 |       ||    52
         Quarterstaff      |    21 |     3 ||    24
    Use: Scroll            |     5 |       ||     5
 Armour: Scale mail        |    52 |     1 ||    53
         Leather armour    |     2 |       ||     2
  Dodge: Dodged            |    58 |     1 ||    59

Table legend: (Time is in decaauts)
 A = Elapsed time spent in this place.
 B = Non-inter-level travel time spent in this place.
 C = Inter-level travel time spent in this place.
 D = Time resting spent in this place.
 E = Time spent auto-exploring this place.
 F = Levels seen in this place.
 G = Mean time per level.
                   A        B        C        D        E       F      G
               +--------+--------+--------+--------+--------+-----+--------+
         Total |   1489 |   1440 |     49 |    301 |    723 |   3 |  496.3 |
       Dungeon |   1489 |   1440 |     49 |    301 |    723 |   3 |  496.3 |
               +--------+--------+--------+--------+--------+-----+--------+

Top non-repeatable levels by time:
     D:1: 826 daAuts
     D:2: 647 daAuts
     D:4: 15 daAuts
